cohdb
Replays
Latest Replays
All Replays
Popular Replays
Top Player Replays
Match Explorer
How It Works
Community
CoH3 Stats
Reddit
Sign in to upload your games and track your stats! →
Sign in with Steam
Match 42265120
Unlisted
Match 42265120
Overview
Messages
Build Orders
End
Engineer Squad
Construct Barracks
Riflemen Squad
Riflemen Squad
Riflemen Squad
Mortar Pit
Grenade Package
Mechanized Support Center
M1918 Browning Automatic Rifles
Construct Motor Pool
M1 Anti-tank Gun Team
M16 Multiple Gun Motor Carriage
Selects Heavy Weapons
Selects Assault Carriers
Selects Exchangeable Parts
M3 75 mm Gun Motor Carriage
Engineer Squad
M1 Anti-tank Gun Team
M3 75 mm Gun Motor Carriage
.30 cal Machine Gun
Designate Forward Repair Station
dan legend
Nisen 炎
Joker
Ol'Smokey
skyhawkfranky
Cicero_540
0
0
Comments
sign in to comment!
No comments posted yet!